jack, neutral male human Healer ---------- ------ |........| |..<.| |........| |...[| |........| |....| |...^....| |....| -----.---- ----.- ################# # ----- --.------ # |...| |.......| # |...| |.......| --.--- |....##########.........### |....| |...| |.......| @W##############.....| ---.- --------- ------ ############ -.------------------- -------------- |....................### |............| |...................| ####################################.............| |.....".............| -------------- |...................| --------------------- jack the Rhizotomist Experience level: 1 Strength: 11 Dexterity: 13 Constitution: 17 Intelligence: 8 Wisdom: 15 Charisma: 17 Health: 0(1) Energy: 0(0) Def: 10 Gold: 4689 Moves: 8749 Dungeon seed: 2Ra8ICbbvWuvSyhF Game ID: jack_1576589989 Your Inventory: Coins $ - 4689 gold pieces Weapons a - a +0 scalpel c - a cursed +3 mace (weapon in hand) Z - 6 +0 darts Armor e - a blessed +3 pair of leather gloves (being worn) U - an uncursed +0 splint mail (being worn) Comestibles i - 3 uncursed food rations k - 6 uncursed apples m - an uncursed fortune cookie z - an uncursed egg P - an uncursed partly eaten food ration Rings N - a cursed -1 ring of adornment Wands g - a wand of sleep (0:5) l - a wand of wishing (0:2) w - a wand of light (0:14) G - a wand of secret door detection (0:15) M - a wand of cold (0:7) T - a wand of striking (0:6) Tools b - an uncursed stethoscope L - an uncursed leash Gems n - an uncursed garnet stone q - 2 uncursed worthless pieces of green glass r - an uncursed worthless piece of black glass y - an uncursed worthless piece of white glass Y - 2 uncursed worthless pieces of yellowish brown glass Spells and supernatural/magical abilities: Name Level Category Fail Memory h - healing 1* healing 42% 0% x - extra healing 3 healing 91% 8% S - stone to flesh 3 healing 100% 4% W - pray for help -- divine ? -- Your skills at the end: Fighting Skills Weapon Skills knife [Basic] Spellcasting Skills healing spells [Basic] Final Attributes: You were piously aligned. You were poison resistant. You could not change from your current form. You are dead (335th time!). Vanquished creatures: 3 ghosts 5 hill giants a black naga a giant zombie a small mimic a xan an ogre lord a sasquatch a freezing sphere an elf mummy 2 ettin zombies a chameleon a quivering blob a giant spider a gnome king a lizard an attendant 3 plains centaurs 3 snakes an ape 2 soldier ants 8 bugbears a violet fungus a gnome lord 3 gnomish wizards a gray ooze 3 elf zombies 4 giant ants 2 kobold lords a kobold shaman 6 rothes 2 rabid rats 3 giant bats a wererat a werejackal 5 iguanas an acid blob a gas spore 2 hobbits 12 manes 7 hobgoblins 2 giant rats 5 cave spiders 2 gnomes 3 garter snakes a gnome zombie 7 geckos 3 jackals 3 foxes a kobold a goblin 5 sewer rats 6 grid bugs 2 kobold zombies 9 newts 148 creatures vanquished. Voluntary challenges: You followed a strict vegan diet. You did not eat until turn 5420. You had been an atheist until turn 5475. You used a wielded weapon 722 times, starting on turn 83. You read items or engraved 17 times, starting on turn 373. You never genocided any monsters. You never polymorphed an object. You never changed form. You used 1 wish, starting on turn 5489. You did not wish for any artifacts. You never split a pudding. You wrote Elbereth's name 3 times, starting on turn 4805. You violated your moral code, losing 10 points of alignment, starting on turn 4268. Dungeon overview: The Dungeons of Doom: levels 1 to 18 Level 1 a fountain a long staircase Level 2 stairs to The Gnomish Mines Level 3 Level 4 a jewelry store, a fountain Level 5 Level 6 many fountains Level 7 Level 8 a throne Level 11 a throne Level 12 portal to The Quest Level 13 a throne Level 14 an altar to Poseidon Level 15 Level 16 Level 17 some fountains Level 18 <- You were here The Gnomish Mines: Level 3 stairs to The Dungeons of Doom The Quest: Level 1 portal to The Dungeons of Doom History has recorded: On T:1 you entered the Dungeons of Doom to retrieve the Amulet of Yendor! On T:81 you reached level 2 of The Dungeons of Doom. On T:523 you reached level 1 of The Gnomish Mines. On T:819 you reached level 3 of The Dungeons of Doom. On T:1181 you reached level 4 of The Dungeons of Doom. On T:1339 you advanced to experience level 2. On T:1609 you advanced to experience level 3. On T:2711 you reached level 5 of The Dungeons of Doom. On T:2785 you advanced to experience level 4. On T:2902 you were saved from death by your wizard powers! On T:3158 you were saved from death by your wizard powers! On T:3199 you reached level 6 of The Dungeons of Doom. On T:3427 you were saved from death by your wizard powers! On T:3597 you were saved from death by your wizard powers! On T:3602 you were saved from death by your wizard powers! On T:3689 you reached level 7 of The Dungeons of Doom. On T:3791 you reached level 8 of The Dungeons of Doom. On T:3820 you were saved from death by your wizard powers! On T:3828 you were saved from death by your wizard powers! On T:3830 you advanced to experience level 5. On T:3833 you were saved from death by your wizard powers! On T:3838 you were saved from death by your wizard powers! On T:4027 you reached level 11 of The Dungeons of Doom. On T:4091 you were saved from death by your wizard powers! On T:4105 you were saved from death by your wizard powers! On T:4119 you were saved from death by your wizard powers! On T:4129 you were saved from death by your wizard powers! On T:4132 you were saved from death by your wizard powers! On T:4135 you were saved from death by your wizard powers! On T:4139 you were saved from death by your wizard powers! On T:4142 you were saved from death by your wizard powers! On T:4145 you were saved from death by your wizard powers! On T:4148 you were saved from death by your wizard powers! On T:4151 you were saved from death by your wizard powers! On T:4157 you were saved from death by your wizard powers! On T:4314 you reached level 12 of The Dungeons of Doom. On T:4327 you advanced to experience level 6. On T:4401 you reached level 1 of The Quest. On T:4406 you were saved from death by your wizard powers! On T:4419 you were saved from death by your wizard powers! On T:4428 you were saved from death by your wizard powers! On T:4432 you were saved from death by your wizard powers! On T:4437 you were saved from death by your wizard powers! On T:4445 you were saved from death by your wizard powers! On T:4450 you were saved from death by your wizard powers! On T:4454 you were saved from death by your wizard powers! On T:4458 you were saved from death by your wizard powers! On T:4460 you were saved from death by your wizard powers! On T:4462 you were saved from death by your wizard powers! On T:4464 you were saved from death by your wizard powers! On T:4466 you were saved from death by your wizard powers! On T:4468 you were saved from death by your wizard powers! On T:4470 you were saved from death by your wizard powers! On T:4472 you were saved from death by your wizard powers! On T:4474 you were saved from death by your wizard powers! On T:4476 you were saved from death by your wizard powers! On T:4478 you were saved from death by your wizard powers! On T:4481 you were saved from death by your wizard powers! On T:4482 you were saved from death by your wizard powers! On T:4534 you reached level 13 of The Dungeons of Doom. On T:4649 you were saved from death by your wizard powers! On T:4689 you were saved from death by your wizard powers! On T:4718 you were saved from death by your wizard powers! On T:4777 you were saved from death by your wizard powers! On T:4785 you were saved from death by your wizard powers! On T:4804 you were saved from death by your wizard powers! On T:4812 you were saved from death by your wizard powers! On T:4820 you were saved from death by your wizard powers! On T:4828 you were saved from death by your wizard powers! On T:4835 you were saved from death by your wizard powers! On T:4856 you were saved from death by your wizard powers! On T:4861 you were saved from death by your wizard powers! On T:4864 you were saved from death by your wizard powers! On T:4867 you were saved from death by your wizard powers! On T:4869 you were saved from death by your wizard powers! On T:4871 you were saved from death by your wizard powers! On T:4872 you were saved from death by your wizard powers! On T:4874 you were saved from death by your wizard powers! On T:4876 you were saved from death by your wizard powers! On T:4878 you were saved from death by your wizard powers! On T:4879 you were saved from death by your wizard powers! On T:4881 you were saved from death by your wizard powers! On T:4883 you were saved from death by your wizard powers! On T:4885 you were saved from death by your wizard powers! On T:4886 you were saved from death by your wizard powers! On T:4888 you were saved from death by your wizard powers! On T:4890 you were saved from death by your wizard powers! On T:4892 you were saved from death by your wizard powers! On T:4923 you were saved from death by your wizard powers! On T:4928 you were saved from death by your wizard powers! On T:4931 you were saved from death by your wizard powers! On T:4936 you were saved from death by your wizard powers! On T:4941 you were saved from death by your wizard powers! On T:4945 you were saved from death by your wizard powers! On T:4966 you were saved from death by your wizard powers! On T:5006 you were saved from death by your wizard powers! On T:5044 you were saved from death by your wizard powers! On T:5489 you wished for "spellbook of teleport away". On T:5554 you were saved from death by your wizard powers! On T:5574 you were saved from death by your wizard powers! On T:5576 you reached level 14 of The Dungeons of Doom. On T:5659 you were saved from death by your wizard powers! On T:5661 you were saved from death by your wizard powers! On T:5873 you were saved from death by your wizard powers! On T:5876 you were saved from death by your wizard powers! On T:5879 you were saved from death by your wizard powers! On T:5883 you were saved from death by your wizard powers! On T:5887 you were saved from death by your wizard powers! On T:5890 you were saved from death by your wizard powers! On T:5893 you were saved from death by your wizard powers! On T:5900 you were saved from death by your wizard powers! On T:5911 you were saved from death by your wizard powers! On T:5946 you were saved from death by your wizard powers! On T:5957 you were saved from death by your wizard powers! On T:5967 you were saved from death by your wizard powers! On T:5975 you were saved from death by your wizard powers! On T:5982 you were saved from death by your wizard powers! On T:5987 you were saved from death by your wizard powers! On T:5994 you were saved from death by your wizard powers! On T:5998 you were saved from death by your wizard powers! On T:6003 you were saved from death by your wizard powers! On T:6013 you reached level 15 of The Dungeons of Doom. On T:6022 you were saved from death by your wizard powers! On T:6038 you were saved from death by your wizard powers! On T:6046 you were saved from death by your wizard powers! On T:6057 you were saved from death by your wizard powers! On T:6064 you were saved from death by your wizard powers! On T:6076 you were saved from death by your wizard powers! On T:6083 you were saved from death by your wizard powers! On T:6084 you advanced to experience level 7. On T:6160 you reached level 16 of The Dungeons of Doom. On T:6206 you reached level 17 of The Dungeons of Doom. On T:6305 you were saved from death by your wizard powers! On T:6310 you were saved from death by your wizard powers! On T:6311 you were saved from death by your wizard powers! On T:6313 you were saved from death by your wizard powers! On T:6318 you were saved from death by your wizard powers! On T:6318 you were saved from death by your wizard powers! On T:6319 you were saved from death by your wizard powers! On T:6319 you were saved from death by your wizard powers! On T:6378 you were saved from death by your wizard powers! On T:6382 you were saved from death by your wizard powers! On T:6383 you were saved from death by your wizard powers! On T:6386 you were saved from death by your wizard powers! On T:6387 you were saved from death by your wizard powers! On T:6432 you were saved from death by your wizard powers! On T:6433 you were saved from death by your wizard powers! On T:6433 you were saved from death by your wizard powers! On T:6434 you were saved from death by your wizard powers! On T:6436 you were saved from death by your wizard powers! On T:6437 you were saved from death by your wizard powers! On T:6437 you were saved from death by your wizard powers! On T:6438 you were saved from death by your wizard powers! On T:6439 you were saved from death by your wizard powers! On T:6439 you were saved from death by your wizard powers! On T:6443 you were saved from death by your wizard powers! On T:6444 you were saved from death by your wizard powers! On T:6447 you were saved from death by your wizard powers! On T:6453 you were saved from death by your wizard powers! On T:6456 you were saved from death by your wizard powers! On T:6461 you were saved from death by your wizard powers! On T:6463 you were saved from death by your wizard powers! On T:6476 you were saved from death by your wizard powers! On T:6478 you were saved from death by your wizard powers! On T:6478 you were saved from death by your wizard powers! On T:6478 you were saved from death by your wizard powers! On T:6479 you were saved from death by your wizard powers! On T:6481 you were saved from death by your wizard powers! On T:6481 you were saved from death by your wizard powers! On T:6482 you were saved from death by your wizard powers! On T:6482 you were saved from death by your wizard powers! On T:6483 you were saved from death by your wizard powers! On T:6484 you reached level 18 of The Dungeons of Doom. On T:6545 you were saved from death by your wizard powers! On T:6549 you were saved from death by your wizard powers! On T:6550 you were saved from death by your wizard powers! On T:6551 you were saved from death by your wizard powers! On T:6553 you were saved from death by your wizard powers! On T:6554 you were saved from death by your wizard powers! On T:6555 you were saved from death by your wizard powers! On T:6556 you were saved from death by your wizard powers! On T:6557 you were saved from death by your wizard powers! On T:6560 you were saved from death by your wizard powers! On T:6563 you were saved from death by your wizard powers! On T:6565 you were saved from death by your wizard powers! On T:6568 you were saved from death by your wizard powers! On T:6655 you were saved from death by your wizard powers! On T:6658 you were saved from death by your wizard powers! On T:6660 you were saved from death by your wizard powers! On T:6662 you were saved from death by your wizard powers! On T:6664 you were saved from death by your wizard powers! On T:6666 you were saved from death by your wizard powers! On T:6669 you were saved from death by your wizard powers! On T:6671 you were saved from death by your wizard powers! On T:6673 you were saved from death by your wizard powers! On T:6676 you were saved from death by your wizard powers! On T:6679 you were saved from death by your wizard powers! On T:6682 you were saved from death by your wizard powers! On T:6684 you were saved from death by your wizard powers! On T:6685 you were saved from death by your wizard powers! On T:6687 you were saved from death by your wizard powers! On T:6689 you were saved from death by your wizard powers! On T:6690 you were saved from death by your wizard powers! On T:6692 you were saved from death by your wizard powers! On T:6693 you were saved from death by your wizard powers! On T:6694 you were saved from death by your wizard powers! On T:6696 you were saved from death by your wizard powers! On T:6698 you were saved from death by your wizard powers! On T:6699 you were saved from death by your wizard powers! On T:6700 you were saved from death by your wizard powers! On T:6701 you were saved from death by your wizard powers! On T:6702 you were saved from death by your wizard powers! On T:6704 you were saved from death by your wizard powers! On T:6705 you were saved from death by your wizard powers! On T:6706 you were saved from death by your wizard powers! On T:6708 you were saved from death by your wizard powers! On T:6709 you were saved from death by your wizard powers! On T:6711 you were saved from death by your wizard powers! On T:6712 you were saved from death by your wizard powers! On T:6713 you were saved from death by your wizard powers! On T:6715 you were saved from death by your wizard powers! On T:6716 you were saved from death by your wizard powers! On T:6718 you were saved from death by your wizard powers! On T:6719 you were saved from death by your wizard powers! On T:6734 you were saved from death by your wizard powers! On T:6744 you were saved from death by your wizard powers! On T:6747 you were saved from death by your wizard powers! On T:6752 you were saved from death by your wizard powers! On T:6756 you were saved from death by your wizard powers! On T:6758 you were saved from death by your wizard powers! On T:6761 you were saved from death by your wizard powers! On T:6764 you were saved from death by your wizard powers! On T:6769 you were saved from death by your wizard powers! On T:6772 you were saved from death by your wizard powers! On T:6997 you were saved from death by your wizard powers! On T:7000 you were saved from death by your wizard powers! On T:7001 you were saved from death by your wizard powers! On T:7002 you were saved from death by your wizard powers! On T:7003 you were saved from death by your wizard powers! On T:7006 you were saved from death by your wizard powers! On T:7008 you were saved from death by your wizard powers! On T:7009 you were saved from death by your wizard powers! On T:7011 you were saved from death by your wizard powers! On T:7012 you were saved from death by your wizard powers! On T:7013 you were saved from death by your wizard powers! On T:7014 you were saved from death by your wizard powers! On T:7017 you were saved from death by your wizard powers! On T:7018 you were saved from death by your wizard powers! On T:7021 you were saved from death by your wizard powers! On T:7022 you were saved from death by your wizard powers! On T:7023 you were saved from death by your wizard powers! On T:7025 you were saved from death by your wizard powers! On T:7026 you were saved from death by your wizard powers! On T:7034 you were saved from death by your wizard powers! On T:7038 you were saved from death by your wizard powers! On T:7044 you were saved from death by your wizard powers! On T:7048 you were saved from death by your wizard powers! On T:7085 you were saved from death by your wizard powers! On T:7089 you were saved from death by your wizard powers! On T:7092 you were saved from death by your wizard powers! On T:7135 you were saved from death by your wizard powers! On T:7137 you were saved from death by your wizard powers! On T:7139 you were saved from death by your wizard powers! On T:7140 you were saved from death by your wizard powers! On T:7144 you were saved from death by your wizard powers! On T:7144 you were saved from death by your wizard powers! On T:7148 you were saved from death by your wizard powers! On T:7149 you were saved from death by your wizard powers! On T:7277 you were saved from death by your wizard powers! On T:7278 you were saved from death by your wizard powers! On T:7282 you were saved from death by your wizard powers! On T:7284 you were saved from death by your wizard powers! On T:7287 you were saved from death by your wizard powers! On T:7289 you were saved from death by your wizard powers! On T:7290 you were saved from death by your wizard powers! On T:7292 you were saved from death by your wizard powers! On T:7293 you were saved from death by your wizard powers! On T:7295 you were saved from death by your wizard powers! On T:7296 you were saved from death by your wizard powers! On T:7298 you were saved from death by your wizard powers! On T:7299 you were saved from death by your wizard powers! On T:7300 you were saved from death by your wizard powers! On T:7301 you were saved from death by your wizard powers! On T:7302 you were saved from death by your wizard powers! On T:7304 you were saved from death by your wizard powers! On T:7305 you were saved from death by your wizard powers! On T:7307 you were saved from death by your wizard powers! On T:7308 you were saved from death by your wizard powers! On T:7310 you were saved from death by your wizard powers! On T:7311 you were saved from death by your wizard powers! On T:7313 you were saved from death by your wizard powers! On T:7314 you were saved from death by your wizard powers! On T:7316 you were saved from death by your wizard powers! On T:7317 you were saved from death by your wizard powers! On T:7321 you were saved from death by your wizard powers! On T:7324 you were saved from death by your wizard powers! On T:7368 you were saved from death by your wizard powers! On T:7371 you were saved from death by your wizard powers! On T:7375 you were saved from death by your wizard powers! On T:7378 you were saved from death by your wizard powers! On T:7380 you were saved from death by your wizard powers! On T:7384 you were saved from death by your wizard powers! On T:7392 you were saved from death by your wizard powers! On T:7398 you were saved from death by your wizard powers! On T:7723 you were saved from death by your wizard powers! On T:7729 you were saved from death by your wizard powers! On T:7739 you were saved from death by your wizard powers! On T:7746 you were saved from death by your wizard powers! On T:7757 you were saved from death by your wizard powers! On T:7767 you were saved from death by your wizard powers! On T:7771 you advanced to experience level 8. On T:7809 you were saved from death by your wizard powers! On T:7814 you were saved from death by your wizard powers! On T:7818 you were saved from death by your wizard powers! On T:7823 you were saved from death by your wizard powers! On T:7837 you were saved from death by your wizard powers! On T:7848 you were saved from death by your wizard powers! On T:7854 you were saved from death by your wizard powers! On T:7885 you were saved from death by your wizard powers! On T:7892 you were saved from death by your wizard powers! On T:7898 you were saved from death by your wizard powers! On T:7927 you were saved from death by your wizard powers! On T:7987 you were saved from death by your wizard powers! On T:8116 you were saved from death by your wizard powers! On T:8124 you were saved from death by your wizard powers! On T:8129 you were saved from death by your wizard powers! On T:8212 you were saved from death by your wizard powers! On T:8278 you advanced to experience level 9. On T:8389 you were saved from death by your wizard powers! On T:8411 you were saved from death by your wizard powers! On T:8434 you were saved from death by your wizard powers! On T:8585 you were saved from death by your wizard powers! On T:8615 you were saved from death by your wizard powers! On T:8625 you were saved from death by your wizard powers! On T:8636 you were saved from death by your wizard powers! On T:8650 you were saved from death by your wizard powers! On T:8671 you were saved from death by your wizard powers! On T:8687 you were saved from death by your wizard powers! On T:8694 you were saved from death by your wizard powers! On T:8724 you were saved from death by your wizard powers! On T:8727 you were saved from death by your wizard powers! On T:8728 you were saved from death by your wizard powers! On T:8729 you were saved from death by your wizard powers! On T:8730 you were saved from death by your wizard powers! On T:8731 you were saved from death by your wizard powers! On T:8732 you were saved from death by your wizard powers! On T:8733 you were saved from death by your wizard powers! On T:8734 you were saved from death by your wizard powers! On T:8735 you were saved from death by your wizard powers! On T:8736 you were saved from death by your wizard powers! On T:8737 you were saved from death by your wizard powers! On T:8738 you were saved from death by your wizard powers! On T:8738 you were saved from death by your wizard powers! On T:8739 you were saved from death by your wizard powers! On T:8740 you were saved from death by your wizard powers! On T:8742 you were saved from death by your wizard powers! On T:8743 you were saved from death by your wizard powers! On T:8743 you were saved from death by your wizard powers! On T:8744 you were saved from death by your wizard powers! On T:8746 you were saved from death by your wizard powers! On T:8747 you were saved from death by your wizard powers! Score breakdown: Gold: 3274 (11957 points) Experience: 1 level ( 0 points) Exploration: 18 levels ( 38.30%) (18237 points) Discoveries: 10 items ( 3.44%) ( 5561 points) Valuables value: (no points given unless you survive) Artifact value: 0 ( 0 points) Variety of kills: 55 monsters ( 14.44%) (11398 points) Turncount: 8749 turns (-2181 points) Survival: died (score multiplied by 80%) Total score: 35977 Latest messages: You survived that attempt on your life. You miss the wraith. The wraith just misses! The air elemental bumps right into you! You miss the wraith. The wraith touches you! You die... OK, so you don't die. You survived that attempt on your life. You miss the wraith. The wraith touches you! You die... OK, so you don't die. You survived that attempt on your life. You miss the wraith. The wraith misses. You hit the wraith. The wraith touches you! You die... Final status: Goodbye jack the Healer, killed by a wraith... You died in The Dungeons of Doom on dungeon level 18 with 35977 points, and 4689 pieces of gold, after 8749 moves. You were level 1 with a maximum of 1 hit point when you died.